[Event "53rd Indian Junior Open-ch 2024"]
[Site "Karnal"]
[Date "2024.09.21"]
[Round "8.5"]
[White "Nagarkatte Vedant"]
[Black "Jaiveer Mahendru"]
[Result "0-1"]
[ECO "C85"]
[WhiteElo "2260"]
[BlackElo "2246"]
[Annotator "RC"]
[PlyCount "164"]
[EventDate "2024.09.16"]
[EventType "swiss"]
[EventCountry "IND"]
[SourceTitle "playchess.com"]
[Source "ChessBase"]
[SourceQuality "1"]
[TimeControl "5400+30"]

1. e4 e5 2. Nf3 Nc6 3. Bb5 a6 4. Ba4 Nf6 5. O-O Be7 6. Bxc6 dxc6 7. d3 Nd7 8. Nbd2 f6 9. Nh4 O-O 10. Nf5 Nc5 11. Nxe7+ Qxe7 12. Nc4 Rd8 13. Qf3 Ne6 14. Be3 Nd4 15. Bxd4 Rxd4 16. Qg3 Be6 17. Ne3 Rad8 18. f4 exf4 19. Rxf4 c5 20. h4 Qd6 21. Raf1 c4 22. dxc4 Qe5 23. Qf3 Bxc4 24. Ng4 Qd6 25. Rf2 Re8 26. Ne3 Qc6 27. Qg3 Rdxe4 28. Nf5 g6 29. Nh6+ Kg7 30. Rxf6 Qxf6 31. Rxf6 Kxf6 32. Ng4+ Ke6 33. Qf3 Bd5 34. Kh2 Re7 35. Qg3 Rf7 36. Nf2 Re5 37. Nd3 Ref5 38. Nc5+ Kf6 39. Qc3+ Ke7 40. Nd3 c6 41. Qc5+ Ke8 42. Qd6 Re7 43. Qb8+ Kf7 44. Qh8 h5 45. Qh7+ Kf6 46. Qh8+ Kf7 47. Qh7+ Kf8 48. Qxg6 Ref7 49. Qd6+ Kg8 50. c4 Bxc4 51. Ne5 R7f6 52. Qd8+ Rf8 53. Qd6 R8f6 54. Qd8+ Rf8 55. Qe7 Bd5 56. Nd7 R8f7 57. Qe8+ Kh7 58. Nb6 Bxa2 59. b3 Bxb3 60. Qe3 Bd5 61. Nxd5 Rxd5 62. Qe4+ Kg7 63. Qe3 a5 64. Qc3+ Kg8 65. Qg3+ Kh7 66. Qc3 Kg6 67. Qh8 Rg7 68. g4 hxg4 69. Kg3 Rf5 70. Qe8+ Rgf7 71. Kxg4 Kh7 72. Qe4 a4 73. h5 a3 74. Qe6 R5f6 75. Qe4+ Kh6 76. Qe8 Rf4+ 77. Kg3 Rf3+ 78. Kg2 Kxh5 79. Qh8+ Kg6 80. Qg8+ Rg7 81. Qa8 Rf6 82. Qe8+ Kh7+ 0-1

[Event "53rd Indian Junior Open-ch 2024"]
[Site "Karnal"]
[Date "2024.09.21"]
[Round "8.6"]
[White "Aniruddh Chatterjee"]
[Black "Guru Prakash, A.."]
[Result "1/2-1/2"]
[ECO "E61"]
[WhiteElo "2171"]
[BlackElo "1870"]
[Annotator "RC"]
[PlyCount "204"]
[EventDate "2024.09.16"]
[EventType "swiss"]
[EventCountry "IND"]
[SourceTitle "playchess.com"]
[Source "ChessBase"]
[SourceQuality "1"]
[TimeControl "5400+30"]

1. d4 Nf6 2. c4 g6 3. Nc3 Bg7 4. Bg5 O-O 5. e3 c5 6. Nf3 cxd4 7. Nxd4 Nc6 8. Be2 Qa5 9. Bxf6 Bxf6 10. O-O Nxd4 11. exd4 Qb6 12. c5 Qxb2 13. Nb5 Qb4 14. Qd3 Qa5 15. Rac1 a6 16. Nc3 d6 17. Nd5 Be6 18. Nxf6+ exf6 19. d5 Bf5 20. Qb3 dxc5 21. Qxb7 Rfe8 22. Bc4 Rad8 23. d6 Be6 24. Bxe6 Rxe6 25. Qc7 Qxc7 26. dxc7 Rc8 27. Rxc5 Kf8 28. Rfc1 Ke7 29. g3 Rb6 30. Rc6 Rxc6 31. Rxc6 f5 32. h4 Kd7 33. Rxa6 Rxc7 34. Kg2 Rc3 35. a4 Ra3 36. a5 Ke7 37. h5 gxh5 38. Ra8 f4 39. gxf4 Kf6 40. a6 Kf5 41. Rf8 f6 42. Rf7 Rxa6 43. Rxh7 Kxf4 44. Rxh5 Kg4 45. Rh6 Kg5 46. Rh8 Kf5 47. Kg3 Ra1 48. Rh5+ Kg6 49. Rb5 Rg1+ 50. Kf4 Rg5 51. Rb3 Rf5+ 52. Kg3 Rg5+ 53. Kf3 Rf5+ 54. Kg2 Rg5+ 55. Kf1 Ra5 56. Rg3+ Rg5 57. Re3 Re5 58. Rd3 Ra5 59. Rd2 Rf5 60. Rb2 Kh6 61. Kg2 Rg5+ 62. Kf3 Kg6 63. Ke2 Re5+ 64. Kf1 Rf5 65. Ra2 Kh6 66. Ra3 Rb5 67. Kg2 Rg5+ 68. Kh3 Rb5 69. Kg4 Kg6 70. f4 Rb4 71. Ra6 Rc4 72. Ra5 Rb4 73. Ra8 f5+ 74. Kg3 Rb3+ 75. Kh4 Rb6 76. Rc8 Ra6 77. Rg8+ Kh6 78. Rg5 Ra5 79. Kg3 Rb5 80. Kf3 Ra5 81. Ke2 Rd5 82. Ke3 Kh7 83. Rg2 Kh6 84. Rg8 Kh7 85. Re8 Kg6 86. Re6+ Kf7 87. Rb6 Kg7 88. Ke2 Kf7 89. Rh6 Kg7 90. Rc6 Kf7 91. Kf2 Rd3 92. Rc5 Kf6 93. Re5 Ra3 94. Rb5 Kg6 95. Rd5 Rb3 96. Rd8 Ra3 97. Kg2 Rb3 98. Rg8+ Kf6 99. Rf8+ Kg6 100. Rg8+ Kf6 101. Rg3 Rxg3+ 102. Kxg3 Kg7 1/2-1/2

[Event "53rd Indian Junior Open-ch 2024"]
[Site "Karnal"]
[Date "2024.09.21"]
[Round "8.7"]
[White "Sri Charan Sandipagu"]
[Black "Sharnarthi Viresh"]
[Result "1-0"]
[ECO "E94"]
[WhiteElo "1964"]
[BlackElo "2147"]
[Annotator "RC"]
[PlyCount "113"]
[EventDate "2024.09.16"]
[EventType "swiss"]
[EventCountry "IND"]
[SourceTitle "playchess.com"]
[Source "ChessBase"]
[SourceQuality "1"]
[TimeControl "5400+30"]

1. d4 Nf6 2. c4 g6 3. Nc3 Bg7 4. e4 d6 5. Be2 O-O 6. Be3 Nbd7 7. Nf3 e5 8. O-O h6 9. h3 c6 10. d5 c5 11. Nd2 a6 12. a3 b6 13. b4 Ne8 14. Rc1 Ra7 15. Kh1 Nb8 16. Bd3 Re7 17. g4 f5 18. exf5 gxf5 19. Bxf5 Bxf5 20. gxf5 Rxf5 21. Qg4 Qd7 22. Nce4 Kf8 23. Rg1 Ref7 24. Ng3 h5 25. Nxh5 Rxh5 26. Qxh5 Rf5 27. Qh4 Qf7 28. Rg5 Nd7 29. Rxf5 Qxf5 30. Qg4 Qxg4 31. hxg4 Ke7 32. Ne4 Nef6 33. Bg5 Bh6 34. Bxf6+ Nxf6 35. g5 Nxe4 36. gxh6 Nf6 37. Rg1 b5 38. h7 Nxh7 39. Rg7+ Kf6 40. Rxh7 bxc4 41. bxc5 c3 42. Rh3 dxc5 43. Rxc3 e4 44. Rxc5 Ke5 45. Ra5 Kd6 46. Rxa6+ Kxd5 47. Rb6 e3 48. fxe3 Ke4 49. Rb3 Kf3 50. a4 Ke4 51. a5 Kf3 52. a6 Kg3 53. a7 Kf2 54. a8=Q Ke2 55. e4 Kd2 56. Qa2+ Kc1 57. Rb1# 1-0

[Event "53rd Indian Junior Open-ch 2024"]
[Site "Karnal"]
[Date "2024.09.21"]
[Round "8.8"]
[White "Shadhursshaan R"]
[Black "Kushal O"]
[Result "1/2-1/2"]
[ECO "E91"]
[WhiteElo "1933"]
[BlackElo "2130"]
[Annotator "RC"]
[PlyCount "32"]
[EventDate "2024.09.16"]
[EventType "swiss"]
[EventCountry "IND"]
[SourceTitle "playchess.com"]
[Source "ChessBase"]
[SourceQuality "1"]
[TimeControl "5400+30"]

1. d4 Nf6 2. c4 c5 3. d5 g6 4. Nc3 Bg7 5. e4 d6 6. Be2 e6 7. dxe6 Bxe6 8. Bf4 Nc6 9. Nf3 O-O 10. Bxd6 Re8 11. O-O Qa5 12. a3 Nd7 13. Rb1 Rad8 14. Ra1 Ra8 15. Rb1 Rad8 16. Ra1 Ra8 1/2-1/2

[Event "53rd Indian Junior Open-ch 2024"]
[Site "Karnal"]
[Date "2024.09.22"]
[Round "9.2"]
[White "Jaiveer Mahendru"]
[Black "Adireddy Arjun"]
[Result "0-1"]
[ECO "B48"]
[WhiteElo "2246"]
[BlackElo "2343"]
[Annotator "TA"]
[PlyCount "116"]
[EventDate "2024.09.16"]
[EventType "swiss"]
[EventCountry "IND"]
[SourceTitle "playchess.com"]
[Source "ChessBase"]
[SourceQuality "1"]
[TimeControl "5400+30"]

1. e4 c5 2. Nf3 e6 3. d4 cxd4 4. Nxd4 Nc6 5. Nc3 Qc7 6. Be3 a6 7. Qf3 b5 8. Qg3 Qxg3 9. hxg3 {[%emt 0:00:02] White has an edge.} Nxd4 10. Bxd4 Bb7 11. f3 Ne7 12. O-O-O Nc6 13. Be3 Rc8 14. g4 Ne5 15. Rh5 f6 16. Bd4 Nf7 (16... Bc5 $11) 17. Bd3 (17. a4 $16) 17... Bd6 18. Ne2 h6 19. Be3 g5 ({Better is} 19... Bc7 $11) 20. Rd2 Ke7 21. Rh1 Ne5 22. Rhd1 Bc5 23. Bxc5+ Rxc5 24. Ng3 a5 25. Be2 b4 26. Kb1 Bc6 27. Rd4 Rc8 28. Rh1 Nf7 29. Rd2 Rd8 30. Rhd1 d5 31. exd5 Rcxd5 32. Rxd5 Rxd5 33. Kc1 (33. Rh1 $11) 33... Rxd1+ $15 34. Kxd1 {[%emt 0:00:01][%mdl 4096] Endgame. KBN-KBN} Kd6 35. Kd2 Ke5 36. Nf1 Nd6 37. Bd3 {[%emt 0:02:23] Black keeps a firm grip on the game.} (37. Ke1 $15) 37... f5 $1 $17 {[%emt 0:01:00] Strongly threatening ...fxg4. Black is more active.} 38. gxf5 exf5 39. c3 (39. Ke2 $17) 39... bxc3+ $19 40. bxc3 (40. Kxc3 $17 h5 41. Bc2) 40... g4 41. fxg4 fxg4 (41... Bxg2 42. Ne3 Be4 43. gxf5 $11) 42. g3 {[%emt 0:00:24] [#]} Ne4+ $1 43. Bxe4 $2 (43. Ke2 Nxc3+ 44. Kd2 Nxa2 45. Ne3) 43... Kxe4 {[%emt 0:00:01] KB-KN} (43... Bxe4 44. Ne3 Bf5 45. Nxf5 Kxf5 46. Ke3 $11) 44. Ne3 Kf3 45. Nf5 {[%emt 0:00:04] [#]} h5 $1 46. Ke1 Be4 47. Ng7 Bg6 {[%emt 0:00:01] Black mates.} 48. c4 Kxg3 49. c5 Kh2 50. c6 g3 51. c7 g2 52. c8=Q g1=Q+ {[%emt 0:00:02] KQB-KQN} (52... g1=B 53. Qc7+ Kh3 54. Qc6 (54. Qxa5 Kg4 $18) 54... Kg4 55. Qxg6+ Kf4 56. Nxh5+ (56. Qxg1 h4 57. Qc5 h3 58. Ke2 Ke4 59. Qf5+ Kd4 60. Kd2 Kc4 61. Ne6 Kb4 62. Qb1+ Kc4 63. Qb3#) 56... Ke5 57. Qxg1) 53. Ke2 Qg2+ 54. Ke3 Qe4+ ({Not} 54... Qxa2 55. Qc7+ Kh3 56. Qd7+ Kh4 57. Qd4+ Kh3 58. Qd7+ Kh4 59. Qd8+ Kh3 60. Qd7+ $11) 55. Kf2 Qd4+ 56. Ke2 Bd3+ 57. Ke1 Qxg7 58. Qc7+ Qxc7 {[%emt 0:00:07] Weighted Error Value: White=0.51/Black=0.06 (flawless) .  Mistake:       	White=6     	Black=2      Inaccurate:     	White=3     	Black=2      OK:         	White=9     	Black=10     Best:        	---       	Black=2      Strong:       	---       	Black=2} 0-1

[Event "53rd Indian Junior Open-ch 2024"]
[Site "Karnal"]
[Date "2024.09.22"]
[Round "9.3"]
[White "Madhvendra Pratap Sharma"]
[Black "Sourath Biswas"]
[Result "1/2-1/2"]
[ECO "B07"]
[WhiteElo "2061"]
[BlackElo "2305"]
[Annotator "RC"]
[PlyCount "89"]
[EventDate "2024.09.16"]
[EventType "swiss"]
[EventCountry "IND"]
[SourceTitle "playchess.com"]
[Source "ChessBase"]
[SourceQuality "1"]
[TimeControl "5400+30"]

1. e4 d6 2. d4 Nf6 3. Nc3 e5 4. dxe5 dxe5 5. Qxd8+ Kxd8 6. Bg5 Be6 7. g3 Be7 8. f4 exf4 9. gxf4 h6 10. O-O-O+ Kc8 11. Bxf6 Bxf6 12. e5 Be7 13. Bh3 Rd8 14. Bxe6+ fxe6 15. Rxd8+ Kxd8 16. Nf3 Bc5 17. Kd2 Nc6 18. Ne4 Bb6 19. c4 Nd4 20. Nxd4 Bxd4 21. c5 Ke7 22. Ke2 Rf8 23. Kd3 Rd8 24. Ke2 a5 25. Rc1 b6 26. cxb6 Bxb6 27. Rc4 Kf7 28. Nc5 g5 29. Nd3 Kg6 30. fxg5 hxg5 31. h4 Rd4 32. Rxd4 Bxd4 33. hxg5 Kxg5 34. a4 Kf5 35. b4 axb4 36. Nxb4 Kxe5 37. a5 c5 38. Nc2 Kd5 39. Na3 Kc6 40. a6 e5 41. Nc4 Kc7 42. Kd3 Kb8 43. Ke4 Ka7 44. Kd5 Kxa6 45. Nxe5 1/2-1/2

[Event "53rd Indian Junior Open-ch 2024"]
[Site "Karnal"]
[Date "2024.09.22"]
[Round "9.4"]
[White "Bhattacharyya Soham"]
[Black "Sri Charan Sandipagu"]
[Result "1-0"]
[ECO "D37"]
[WhiteElo "2425"]
[BlackElo "1964"]
[Annotator "TA"]
[PlyCount "81"]
[EventDate "2024.09.16"]
[EventType "swiss"]
[EventCountry "IND"]
[SourceTitle "playchess.com"]
[Source "ChessBase"]
[SourceQuality "1"]
[TimeControl "5400+30"]

1. d4 Nf6 2. c4 e6 3. Nf3 d5 4. Nc3 Be7 5. Bf4 O-O 6. e3 c5 7. dxc5 dxc4 8. Qc2 Bxc5 9. Bxc4 b6 10. Rd1 Qe7 11. a3 {[%emt 0:00:14] Strongly threatening b4. White is slightly better.} Rd8 12. b4 Bd6 13. Bxd6 Rxd6 14. Rxd6 Qxd6 15. Nb5 Qd8 16. O-O Bb7 17. Rd1 Nbd7 18. Ng5 (18. Ne5 $5) 18... Qe7 {[%emt 0:00:00] [#]} 19. Bd3 {[%emt 0:25:24] White is much more active.} ({Better is} 19. Nxf7 $1 $16 {Threatens to win with Nfd6.} Be4 (19... Qxf7 20. Nd6 $16) 20. Qd2) 19... h6 $11 20. Qc7 (20. Ne4 $11) 20... Ba6 {[%emt 0:00:00] [#]} (20... Bxg2 $15 21. Kxg2 Nd5 (21... hxg5 22. Qb7 $11) 22. Bh7+ Kh8) 21. Nxf7 $2 Qxf7 $19 22. Nd6 Qh5 23. Bc2 Be2 (23... Qe5 $19 {[%cal Oa8c8] White must now prevent ...Rc8!} 24. Bb3 Be2) 24. Rd2 $17 Ne5 ({Black should try} 24... Rf8 $17 {[%cal Of6g4] And now ...Ng4! would win.} 25. h3 Ne5) 25. Nc8 $11 {[%emt 0:02:45] Hoping for Rd8+.} Ne8 (25... Kh8 $2 26. Rd8+ (26. Nxa7 $2 Nd5 $19) 26... Ne8 27. Qe7 $18 (27. Nxa7 Nf3+ 28. Kh1 Rxd8 29. Qf4 Nf6 30. h3 e5 31. Qg3 Ne4 32. Nc6 Nxg3+ 33. fxg3 Rd2 34. Ne7 Rxc2) (27. Qxe5 Bg4 $18) (27. Nxa7 Nf3+ 28. Kh1 Rxd8 29. Qf4 Nf6 30. h3 e5) (27. Qxe5 Bg4 $18)) 26. Rd8 $1 $40 {[%emt 0:06:30][%cal Oc7e7][%mdl 128] White is up to no good.} Nf3+ 27. Kh1 $1 $16 {[%emt 0:00:39] Dancing on a razor blade.} Nxh2 28. Qxh2 $18 {[%emt 0:05:11] White is clearly winning.} Kf8 {[%emt 0:00:16] ...Qxh2+ is the strong threat.} 29. Be4 Rb8 30. Bc6 Qxh2+ 31. Kxh2 Bh5 {[%emt 0:00:03] [#]} 32. g4 $1 Bf7 (32... Bg6 33. f4) 33. b5 e5 34. f4 exf4 35. exf4 g6 36. g5 hxg5 37. fxg5 Kg7 38. Bxe8 Be6 39. Bd7 Bf7 40. Bh3 Ra8 {[%emt 0:00:26] [#]} 41. Rd7 $1 {[%emt 0:00:13] Weighted Error Value: White=0.16 (very precise) /Black=0.48.  Loses game:     	White=1     	Black=1      Mistake:       	White=2     	Black=4      OK:         	White=10    	Black=8      Best:        	White=2     	Black=3      Strong:       	White=2     	---} 1-0

[Event "53rd Indian Junior Open-ch 2024"]
[Site "Karnal"]
[Date "2024.09.22"]
[Round "9.6"]
[White "Aniruddh Chatterjee"]
[Black "Guru Prakash, A.."]
[Result "*"]
[ECO "B67"]
[WhiteElo "2171"]
[BlackElo "1870"]
[Annotator "RC"]
[PlyCount "21"]
[EventDate "2024.09.16"]
[EventType "swiss"]
[EventCountry "IND"]
[SourceTitle "playchess.com"]
[Source "ChessBase"]
[SourceQuality "1"]
[TimeControl "5400+30"]

1. e4 c5 2. Nf3 d6 3. d4 cxd4 4. Nxd4 Nf6 5. Nc3 Nc6 6. Bg5 e6 7. Qd2 a6 8. O-O-O Bd7 9. Kb1 b5 10. f3 Be7 11. g4 *

[Event "53rd Indian Junior Open-ch 2024"]
[Site "Karnal"]
[Date "2024.09.22"]
[Round "9.6"]
[White "Guru Prakash, A.."]
[Black "Mukund Hemant Agarwal"]
[Result "0-1"]
[ECO "B67"]
[WhiteElo "1870"]
[BlackElo "2073"]
[Annotator "RC"]
[PlyCount "68"]
[EventDate "2024.09.16"]
[EventType "swiss"]
[EventCountry "IND"]
[SourceTitle "playchess.com"]
[Source "ChessBase"]
[SourceQuality "1"]
[TimeControl "5400+30"]

1. e4 c5 2. Nf3 d6 3. d4 cxd4 4. Nxd4 Nf6 5. Nc3 Nc6 6. Bg5 e6 7. Qd2 a6 8. O-O-O Bd7 9. Kb1 b5 10. f3 Be7 11. g4 h5 12. gxh5 b4 13. Nxc6 Bxc6 14. Bxf6 Bxf6 15. Ne2 Qb6 16. Ng3 a5 17. f4 O-O-O 18. Bc4 Kc7 19. Qe2 Qc5 20. Rhe1 a4 21. Bd3 Bd4 22. Ba6 a3 23. Qc4 Bxb2 24. Rd3 Qb6 25. Red1 Rd7 26. Rb3 Ra8 27. Bc8 Kxc8 28. Rxb4 Qc5 29. Qb3 Rb7 30. Rxb7 Bxb7 31. f5 Ba6 32. fxe6 Qc4 33. exf7 Kc7 34. Qf3 Bc3 0-1

[Event "53rd Indian Junior Open-ch 2024"]
[Site "Karnal"]
[Date "2024.09.22"]
[Round "9.7"]
[White "Rohit S"]
[Black "Hari Ganesh T"]
[Result "1/2-1/2"]
[ECO "C42"]
[WhiteElo "2309"]
[BlackElo "2029"]
[Annotator "ChessBase"]
[PlyCount "134"]
[EventDate "2024.09.16"]
[EventType "swiss"]
[EventCountry "IND"]
[SourceTitle "playchess.com"]
[Source "ChessBase"]
[SourceQuality "1"]
[TimeControl "5400+30"]

1. e4 e5 2. Nf3 Nf6 3. Nxe5 d6 4. Nf3 Nxe4 5. Bd3 Nf6 6. O-O Be7 7. c3 Bg4 8. Bc2 O-O 9. d4 Nbd7 10. Qd3 Bh5 11. Nh4 Re8 12. c4 c5 13. Nc3 Rc8 14. Bg5 cxd4 15. Nd5 Bg6 16. Nxg6 hxg6 17. Nxe7+ Qxe7 18. Qxd4 Qe5 19. Bxf6 Nxf6 20. Qxe5 Rxe5 21. Bd3 d5 22. cxd5 Rxd5 23. Rfd1 Rcd8 24. Be2 Rd2 25. Bf3 R8d7 26. b3 Ne4 27. Rxd2 Nxd2 28. Be2 Ne4 29. Rd1 Rc7 30. Bc4 b5 31. Bxb5 Nc3 32. Rd8+ Kh7 33. Bc4 Nxa2 34. f4 Nc3 35. Rf8 f5 36. Kf2 a5 37. Ra8 Nd1+ 38. Ke2 Nb2 39. Bg8+ Kh6 40. Bd5 Kh7 41. Rxa5 Rc2+ 42. Ke3 Nd1+ 43. Kd4 Rd2+ 44. Ke5 Ne3 45. g3 Rxh2 46. Be6 Rd2 47. Bd5 Rb2 48. Bf7 Rd2 49. Ke6 Nf1 50. Ra1 Nxg3 51. Rg1 Rd3 52. b4 g5 53. Rg2 g6 54. fxg5 Kg7 55. Be8 Re3+ 56. Kd7 f4 57. b5 Ne4 58. Rc2 f3 59. Kd8 Rd3+ 60. Kc7 f2 61. Rxf2 Nxf2 62. b6 Ne4 63. b7 Nc5 64. Bb5 Ne6+ 65. Kb6 Rd8 66. Bd7 Nf8 67. Bc8 Rd1 1/2-1/2

[Event "53rd Indian Junior Open-ch 2024"]
[Site "Karnal"]
[Date "2024.09.22"]
[Round "9.8"]
[White "Vyom Malhotra"]
[Black "Nagarkatte Vedant"]
[Result "1-0"]
[ECO "C54"]
[WhiteElo "1960"]
[BlackElo "2260"]
[Annotator "RC"]
[PlyCount "118"]
[EventDate "2024.09.16"]
[EventType "swiss"]
[EventCountry "IND"]
[SourceTitle "playchess.com"]
[Source "ChessBase"]
[SourceQuality "1"]
[TimeControl "5400+30"]

1. e4 e5 2. Nf3 Nc6 3. Bc4 Nf6 4. d3 Bc5 5. O-O d6 6. c3 a5 7. Re1 O-O 8. h3 h6 9. Nbd2 Be6 10. Bb5 Ne7 11. d4 Ba7 12. Nf1 Qb8 13. Bd3 c6 14. Ng3 Qc7 15. Be3 Rfd8 16. Nh4 d5 17. dxe5 dxe4 18. exf6 Rxd3 19. Qc1 Rxe3 20. Rxe3 Nd5 21. Ngf5 Bxe3 22. Nxe3 Nxf6 23. Nhf5 Qe5 24. Nd4 Rd8 25. Nxe6 Qxe6 26. Qc2 Rd3 27. c4 Qd6 28. Re1 Rd2 29. Qc1 Qd4 30. Rd1 Rxd1+ 31. Nxd1 Nd7 32. Nc3 Qxc4 33. Qf4 Nc5 34. Qf5 Ne6 35. Qxa5 b5 36. b3 Qc5 37. Nxe4 Qc1+ 38. Kh2 Qf4+ 39. Ng3 h5 40. Qa8+ Nf8 41. Kg1 h4 42. Nf1 Qe4 43. a4 bxa4 44. bxa4 g5 45. a5 g4 46. hxg4 Kg7 47. Ne3 Ne6 48. Qe8 Qb1+ 49. Kh2 Kf6 50. Qh8+ Ke7 51. Qe5 Qb4 52. a6 Qb6 53. Nf5+ Ke8 54. Nd6+ Kd7 55. Nxf7 Ke7 56. Nd6 Qxa6 57. Nf5+ Kf7 58. g5 Qa2 59. Qf6+ Ke8 1-0

[Event "53rd Indian Junior Open-ch 2024"]
[Site "Karnal"]
[Date "2024.09.22"]
[Round "9.8"]
[White "Shadhursshaan R"]
[Black "Kushal O"]
[Result "*"]
[ECO "C54"]
[WhiteElo "1933"]
[BlackElo "2130"]
[Annotator "RC"]
[PlyCount "22"]
[EventDate "2024.09.16"]
[EventType "swiss"]
[EventCountry "IND"]
[SourceTitle "playchess.com"]
[Source "ChessBase"]
[SourceQuality "1"]
[TimeControl "5400+30"]

1. e4 e5 2. Nf3 Nc6 3. Bc4 Nf6 4. d3 Bc5 5. O-O d6 6. c3 a5 7. Re1 O-O 8. h3 h6 9. Nbd2 Be6 10. Bb5 Ne7 11. d4 Ba7 *

[Event "53rd Indian Junior Open-ch 2024"]
[Site "Karnal"]
[Date "2024.09.22"]
[Round "9.9"]
[White "Shah Moxit J"]
[Black "Aniruddh Chatterjee"]
[Result "1-0"]
[ECO "D32"]
[WhiteElo "1952"]
[BlackElo "2171"]
[Annotator "RC"]
[PlyCount "67"]
[EventDate "2024.09.16"]
[EventType "swiss"]
[EventCountry "IND"]
[SourceTitle "playchess.com"]
[Source "ChessBase"]
[SourceQuality "1"]
[TimeControl "5400+30"]

1. Nf3 d5 2. c4 e6 3. e3 c5 4. cxd5 exd5 5. d4 Nf6 6. Be2 Nc6 7. O-O Bf5 8. b3 Be7 9. Bb2 O-O 10. Nc3 Rc8 11. dxc5 Bxc5 12. Rc1 Bb6 13. Na4 Bc7 14. Nc5 b6 15. Nd3 Bb8 16. Nf4 Bxf4 17. exf4 Bg4 18. h3 Bxf3 19. Bxf3 Ne4 20. Re1 f5 21. Be2 d4 22. Bb5 Rf6 23. Rc4 Rd6 24. Bxc6 Rcxc6 25. Rxc6 Rxc6 26. Qxd4 Qxd4 27. Bxd4 Rc2 28. a4 Rd2 29. Be5 Nxf2 30. Rc1 Nd3 31. Rc7 Nxe5 32. fxe5 Rb2 33. e6 Rxb3 34. Rc8# 1-0

[Event "53rd Indian Junior Open-ch 2024"]
[Site "Karnal"]
[Date "2024.09.22"]
[Round "9.10"]
[White "Kushal O"]
[Black "Vishal Choudary B"]
[Result "1/2-1/2"]
[ECO "B30"]
[WhiteElo "2130"]
[BlackElo "1937"]
[Annotator "RC"]
[PlyCount "209"]
[EventDate "2024.09.16"]
[EventType "swiss"]
[EventCountry "IND"]
[SourceTitle "playchess.com"]
[Source "ChessBase"]
[SourceQuality "1"]
[TimeControl "5400+30"]

1. e4 c5 2. Nf3 Nc6 3. Bb5 Nf6 4. Nc3 Qc7 5. O-O Nd4 6. Re1 e5 7. d3 h6 8. Bc4 Be7 9. Nd2 O-O 10. Nf1 d6 11. Ne3 Be6 12. a4 a6 13. Ncd5 Nxd5 14. Nxd5 Bxd5 15. Bxd5 Bg5 16. Bxg5 hxg5 17. c3 Ne6 18. Qh5 Qe7 19. g3 Nc7 20. Ba2 Qf6 21. Kg2 g6 22. Qh6 Ne6 23. a5 g4 24. Bb3 Rab8 25. Bd1 b6 26. Qd2 bxa5 27. Rxa5 Qd8 28. Rxa6 f5 29. Qh6 Qf6 30. Ra7 Rf7 31. Rxf7 Qxf7 32. exf5 Qxf5 33. Re4 Rxb2 34. Qe3 Nc7 35. Bxg4 Nd5 36. Qe1 Qf7 37. Re2 Rb3 38. Rc2 Nf6 39. Bf3 c4 40. dxc4 Qxc4 41. Qd2 e4 42. Be2 Qc5 43. Qf4 Kg7 44. Rd2 d5 45. Qe5 Rxc3 46. Rxd5 Rxg3+ 47. hxg3 Qxd5 48. Qe7+ Qf7 49. Qe5 Qd5 50. Qc7+ Qf7 51. Qf4 Qd5 52. Kg1 Qa2 53. Qc7+ Qf7 54. Qf4 Qa2 55. Qc7+ Qf7 56. Qc3 Qd5 57. Kh2 Qa2 58. Qe3 Qe6 59. Kg1 Qd5 60. Qc3 Qe6 61. Bc4 Qf5 62. Qd4 Qd7 63. Qc3 Qf5 64. Bb3 Qd7 65. Qe5 Qf5 66. Qe7+ Kh8 67. Qf8+ Kh7 68. Qe7+ Kh8 69. Bf7 e3 70. Qxe3 Qb1+ 71. Kg2 Qb7+ 72. Kg1 Qxf7 73. Qh6+ Kg8 74. Qg5 Kg7 75. Qe5 Qd7 76. Qc3 Qf5 77. Qc7+ Kh6 78. Qd8 g5 79. Qh8+ Kg6 80. Qf8 g4 81. Qb4 Qf3 82. Qb6 Kg5 83. Qc5+ Qf5 84. Qc1+ Kh5 85. Qb2 Nh7 86. Qh8 Kh6 87. Kg2 Qf7 88. Kf1 Kg6 89. Qc8 Qf5 90. Qg8+ Kf6 91. Qh8+ Kf7 92. Kg2 Ng5 93. Qh5+ Kg7 94. Qe8 Qf3+ 95. Kf1 Ne4 96. Qe7+ Kg6 97. Qe6+ Kg5 98. Qe7+ Nf6 99. Kg1 Kg6 100. Qe6 Qe4 101. Qd6 Kg5 102. Qc5+ Kg6 103. Qd6 Kf7 104. Qc7+ Ke6 105. Qb6+ 1/2-1/2

[Event "53rd Indian Junior Open-ch 2024"]
[Site "Karnal"]
[Date "2024.09.23"]
[Round "10.1"]
[White "Adireddy Arjun"]
[Black "Alekhya Mukhopadhyay"]
[Result "1-0"]
[ECO "B48"]
[WhiteElo "2343"]
[BlackElo "2094"]
[Annotator "RC"]
[PlyCount "91"]
[EventDate "2024.09.16"]
[EventType "swiss"]
[EventCountry "IND"]
[SourceTitle "playchess.com"]
[Source "ChessBase"]
[SourceQuality "1"]
[TimeControl "5400+30"]

1. e4 c5 2. Nf3 e6 3. d4 cxd4 4. Nxd4 Nc6 5. Nc3 Qc7 6. Be3 a6 7. Qd2 Nf6 8. f3 Be7 9. O-O-O b5 10. g4 Nxd4 11. Bxd4 Bb7 12. h4 Rc8 13. Kb1 O-O 14. Bd3 e5 15. Bf2 b4 16. Na4 d5 17. Qe2 dxe4 18. fxe4 Nd7 19. b3 a5 20. Bb5 Nf6 21. Bd3 Nd7 22. Bb5 Nf6 23. g5 Nxe4 24. Rd7 Qb8 25. Rxe7 Nxf2 26. Re1 Nh3 27. Qxe5 Qxe5 28. R1xe5 Bc6 29. Nb6 Rb8 30. Bxc6 Rxb6 31. Bd5 Nf4 32. Rxf7 Nxd5 33. Rxf8+ Kxf8 34. Rxd5 Ra6 35. Rb5 h6 36. gxh6 Rxh6 37. h5 Ra6 38. Kb2 Ke7 39. a3 Kf6 40. axb4 axb4 41. Rxb4 Ra5 42. Rh4 Kg5 43. Rh1 Kf4 44. h6 gxh6 45. Rxh6 Rd5 46. Re6 1-0